 Dungeon Crawl Stone Soup version 0.18-a0-1764-gf4ddf0b (webtiles) character file.

75 epen the Distorting Naga (level 4, 0/42 HPs)
             Began as a Naga Abyssal Knight on Apr 13, 2016.
             Was a Believer of Lugonu.
             Slain by Robin
             ... wielding a +0 trident
              (4 damage)
             ... on level 3 of the Dungeon.
             The game lasted 00:03:53 (2000 turns).

epen the Distorting Naga (Naga Abyssal Knight)      Turns: 2000, Time: 00:03:54

Health: 0/42       AC:  4    Str: 15    XL:     4   Next: 31%
Magic:  6/6        EV:  7    Int: 12    God:    Lugonu [**....]
Gold:   54         SH:  0    Dex: 11    Spells: 0 memorised, 3 levels left

rFire  . . .     SeeInvis +     a - +1 falchion
rCold  . . .     Gourm    .     p - +0 scale mail
rNeg   . . .     Faith    .     (no shield)
rPois  +         Spirit   .     (no helmet)
rElec  .         Dismiss  .     (no cloak)
rCorr  .         Reflect  .     (no gloves)
SustAt .         Harm     .     (no barding)
MR     .....                    (no amulet)
Stlth  ..........               (no ring)
                                (no ring)

@: very slow, not resistant to hostile enchantments, extremely unstealthy
A: see invisible, deformed body, poison resistance, slowness 2, slow metabolism
1, spit poison 2, AC +1
a: Spit Poison, Depart the Abyss, Bend Space, Renounce Religion


You were on level 3 of the Dungeon.
You worshipped Lugonu.
Lugonu was pleased with you.
You were hungry.

You visited 1 branch of the dungeon, and saw 3 of its levels.
You visited the Abyss 1 time.

You collected 54 gold pieces.

Inventory:

Hand Weapons
 a - a +1 falchion (weapon)
Missiles
 m - 3 javelins of returning (quivered)
Armour
 b - a +0 leather armour
 p - a +0 scale mail (worn)
Scrolls
 d - a scroll of remove curse {unknown}
 g - 2 scrolls of identify {unknown}
 k - 2 scrolls of enchant armour {unknown}
 n - a scroll of magic mapping {unknown}
Potions
 e - a potion of might {unknown}
 h - 2 potions of brilliance {unknown}
 i - a potion of flight {unknown}
 l - 3 potions of invisibility {unknown}
 o - a potion of degeneration {unknown}
 q - a potion of magic {unknown}
Comestibles
 c - 2 bread rations
 f - 2 beef jerkies
 j - a meat ration


   Skills:
 - Level 3.0 Fighting
 * Level 3.0 Long Blades
 - Level 1.5 Armour
 + Level 1.7 Dodging
 * Level 3.3 Invocations


You had 3 spell levels left.
You didn't know any spells.

Dungeon Overview and Level Annotations

Branches:
Dungeon (3/15)

Altars:
Nemelex Xobeh

Annotations:
D:3 Robin


Innate Abilities, Weirdness & Mutations

You cannot wear boots.
Your serpentine skin is tough (AC +1).
You have supernaturally acute eyesight.
Armour fits poorly on your strangely shaped body.
Your system is resistant to poisons.
You cover ground very slowly.
You have a slow metabolism.
You can spit poison.


Message History

You hit the goblin.
The goblin is heavily wounded.
Robin says, "A pitiful Naga like you will never find the ORB!"
Robin throws the goblin at you!
* * * LOW HITPOINT WARNING * * *
The goblin hits you with a club.
* * * LOW HITPOINT WARNING * * *
You hit the goblin.
You kill the goblin!
Lugonu accepts your kill.
You have got your breath back.
Robin closely misses you.
Throwing (i - inventory):
m - 4 javelins of returning (quivered)
Press: ? - help, Shift-Dir - straight line, f - Robin
Aim: Robin, wielding a trident, wearing an animal skin and wearing a helmet (heavily wounded)
You throw a javelin of returning. The javelin of returning hits Robin.
Robin is severely wounded.
The javelin of returning fails to return to your pack!
Robin hits you from afar with a trident.
You die...

#......##....##
#......#(.....
#.##'#......###
#.##.#.........
#.##.#.........
#.##.#.........
#....#.##.#.#'##....
. ....#)##.#.#.# ...
g. ...#@##.#.#.# .
.#g gg#(#..#.#.#
..#. #.#†gg.#.#[#
.....#.###.(#.#.#
......g.....#.#.#
#....g$g...#.#
#####.######.# ...
#....#
##########.####


You could see Robin.

Vanquished Creatures
  An adder (D:2)
  2 oozes (D:1)
  2 worms (D:2)
  A ball python (D:3)
  3 giant cockroaches
  12 goblins
  3 hobgoblins
  7 jackals (D:2)
  A kobold (D:2)
  A quokka (D:3)
  6 bats
  2 giant newts
  5 rats (D:1)
46 creatures vanquished.

Vanquished Creatures (others)
  2 fungi (D:3)
2 creatures vanquished.

Grand Total: 48 creatures vanquished

Notes
Turn   | Place    | Note
--------------------------------------------------------------
     0 | Abyss:1  | epen the Naga Abyssal Knight began the quest for the Orb.
     0 | Abyss:1  | Reached XP level 1. HP: 21/21 MP: 2/2
    12 | D:1      | Escaped the Abyss
   215 | D:1      | Reached skill level 1 in Dodging
   402 | D:1      | Reached XP level 2. HP: 25/28 MP: 3/3
   983 | D:1      | Reached XP level 3. HP: 34/34 MP: 5/5
  1033 | D:2      | Reached ** piety under Lugonu
  1589 | D:2      | Found a sparkling altar of Nemelex Xobeh.
  1702 | D:2      | Reached XP level 4. HP: 28/42 MP: 6/6
  1979 | D:3      | Found a faded altar to an unknown god.
  1980 | D:3      | Noticed Robin
  2000 | D:3      | Slain by Robin

Vault maps used:
D:1:      elethiomel_arrival_quiet, st_stairs_8, minmay_distorted
D:2:      nemelex_xobeh_ov_fountains_minmay, first_bread
D:3:      ecumenical_altar_1, fedhas_altar_3, uniq_terence, uniq_robin

Skill      XL: |  1  2  3  4 |
---------------+-------------+-----
Dodging        | 1 |  1.7
Invocations    | 3 |  3.3
Long Blades    | 3 |  3.0
Fighting       | |  3.0
Armour         | |  1.5

Action                   |  1- 3 |  4- 6 || total
-------------------------+-------+-------++-------
Melee: Falchion          |    97 |    25 ||   122
Throw: Javelin           |    12 |     6 ||    18
 Abil: Spit Poison       |       |     2 ||     2
  Eat: Chunk             |     2 |       ||     2
Armor: Leather armour    |    28 |    10 ||    38
       Scale mail        |       |     7 ||     7
Dodge: Dodged            |    45 |    20 ||    65
